[Event "Titled Tuesday Blitz September 13 Early 2022"]
[White "Paravyan, David"]
[Black "Solon, Nathan"]
[WhiteFideId "4194985"]
[BlackFideId "2017229"]
[WhiteElo "2555"]
[BlackElo "2612"]
[Result "1-0"]
[Round "02"]
[TimeControl "180+1"]
[Date "2022.09.13"]
[WhiteClock "0:01:55"]
[BlackClock "0:01:18"]

1. e4 e5 2. Nf3 Nf6 3. Nc3 Nc6 4. d4 exd4 5. Nxd4 Nxe4 6. Nxc6 Nxc3 7. Nxd8 Nxd1 8. Nxf7 Kxf7 9. Bc4+ Kf6 10. h4 c6 11. Bg5+ Kg6 12. Bd3+ Kf7 13. Rxd1 d5 14. h5 Bg4 15. f3 Re8+ 16. Kd2 Bc8 17. Be3 Bd6 18. Bxa7 Bf4+ 19. Kc3 Be6 20. Bd4 c5 21. Bxc5 Rc8 22. Kb4 b6 23. Bd4 Bd6+ 24. Kb3 Bc5 25. c3 1-0


[Site "https://www.chess.com"]

[Event "Titled Tuesday Blitz September 13 Early 2022"]
[White "Parpiev, Isaak"]
[Black "Acor, Corey"]
[WhiteFideId "34281576"]
[BlackFideId "2024861"]
[WhiteElo "2072"]
[BlackElo "2340"]
[Result "0-1"]
[Round "02"]
[TimeControl "180+1"]
[Date "2022.09.13"]
[WhiteClock "0:00:14"]
[BlackClock "0:01:38"]

1. e4 e5 2. Bc4 Nf6 3. Nc3 Nc6 4. d3 Bc5 5. f4 d6 6. f5 h6 7. Nge2 Ng4 8. Ng3 Qh4 9. Qf3 Nd4 10. Qd1 Nxh2 11. Rxh2 Qxh2 0-1


[Site "https://www.chess.com"]

[Event "Titled Tuesday Blitz September 13 Early 2022"]
[White "Perera Alfonso, Rene Humberto"]
[Black "Neiksans, Arturs"]
[WhiteFideId "3514722"]
[BlackFideId "11601388"]
[WhiteElo "2313"]
[BlackElo "2463"]
[Result "1/2-1/2"]
[Round "02"]
[TimeControl "180+1"]
[Date "2022.09.13"]
[WhiteClock "0:00:06"]
[BlackClock "0:00:09"]

1. e4 c5 2. Nf3 e6 3. d4 cxd4 4. Nxd4 a6 5. Nc3 b5 6. g3 Bb7 7. Bg2 Nf6 8. Qe2 Nc6 9. Nb3 Qc7 10. O-O d6 11. f4 Be7 12. g4 g6 13. g5 Nd7 14. f5 Nde5 15. fxe6 fxe6 16. Bh3 Bc8 17. Be3 Bd7 18. Nd4 Nxd4 19. Bxd4 Bxg5 20. Qf2 Be7 21. Bxe5 dxe5 22. Qf7+ Kd8 23. Rad1 Qc5+ 24. Kh1 Kc7 25. Rxd7+ Kxd7 26. Qxe6+ Kc7 27. Nd5+ Kb7 28. Qd7+ Kb8 29. Nxe7 Qc7 30. Qxc7+ Kxc7 31. Nd5+ Kd6 32. Rf6+ Kc5 33. c3 a5 34. Bf1 Rhf8 35. b4+ axb4 36. cxb4+ Kd4 37. Bxb5 Rxf6 38. Nxf6 Rxa2 39. Bc6 Rb2 40. b5 Ke3 41. h4 Kf3 42. Kg1 Rb1+ 43. Kh2 Rb2+ 44. Kg1 Rb1+ 45. Kh2 h5 46. Nd5 Rb2+ 47. Kg1 Rb1+ 48. Kh2 Rb2+ 49. Kg1 Kxe4 50. Ne7+ Kd4 51. Nxg6 e4 52. Nf4 e3 53. Kf1 Rb1+ 54. Ke2 Rb2+ 55. Ke1 Rb1+ 56. Ke2 Rb2+ 57. Ke1 Rb1+ 58. Ke2 1/2-1/2


[Site "https://www.chess.com"]

[Event "Titled Tuesday Blitz September 13 Early 2022"]
[White "Piesik, Piotr"]
[Black "Vidit, Santosh Gujrathi"]
[WhiteFideId "1136194"]
[BlackFideId "5029465"]
[WhiteElo "2221"]
[BlackElo "2654"]
[Result "0-1"]
[Round "02"]
[TimeControl "180+1"]
[Date "2022.09.13"]
[WhiteClock "0:00:02"]
[BlackClock "0:00:08"]

1. Nf3 d5 2. g3 c6 3. Bg2 Bg4 4. O-O Nf6 5. d3 Nbd7 6. Nbd2 e5 7. e4 Bd6 8. h3 Bh5 9. Qe1 O-O 10. Nh4 dxe4 11. dxe4 Re8 12. Nf5 Bf8 13. a4 a5 14. Nc4 Qc7 15. Bd2 b6 16. Bc3 Nc5 17. g4 Bg6 18. Ng3 Nfd7 19. h4 h6 20. g5 hxg5 21. h5 Bh7 22. Bh3 Ne6 23. Bxe6 Rxe6 24. Rd1 Nc5 25. b3 Rae8 26. f3 Rf6 27. Kg2 Ne6 28. Bxe5 Nf4+ 29. Bxf4 gxf4 30. Nh1 b5 31. Qxa5 Qe7 32. axb5 Bxe4 33. Rde1 Re6 34. Rxe4 Qg5+ 35. Kf2 Bc5+ 36. Ke1 Rxe4+ 37. fxe4 Rxe4+ 38. Kd1 f3 39. c3 Qg2 40. Nd2 Re2 41. Qd8+ Kh7 42. Qd3+ Kg8 43. Rxf3 Rxd2+ 44. Qxd2 Qxf3+ 45. Qe2 Qxh1+ 46. Kc2 cxb5 47. Qe8+ Bf8 48. Qxb5 Qe4+ 49. Kb2 f5 50. b4 f4 51. Kc1 f3 52. Kd2 Bd6 0-1


[Site "https://www.chess.com"]

[Event "Titled Tuesday Blitz September 13 Early 2022"]
[White "Pranav, V"]
[Black "Chan, Luis"]
[WhiteFideId "25060783"]
[BlackFideId "3216357"]
[WhiteElo "2390"]
[BlackElo "1988"]
[Result "1-0"]
[Round "02"]
[TimeControl "180+1"]
[Date "2022.09.13"]
[WhiteClock "0:00:33"]
[BlackClock "0:00:02"]

1. b3 e5 2. Bb2 Nc6 3. e3 a6 4. c4 Nf6 5. Nc3 d5 6. cxd5 Nxd5 7. Nf3 f6 8. Nxd5 Qxd5 9. Bc4 Qd6 10. O-O Be6 11. d4 exd4 12. exd4 O-O-O 13. Re1 Bd5 14. Rc1 Kb8 15. a3 g5 16. Nd2 f5 17. Nf3 g4 18. Ne5 Nxe5 19. dxe5 Qe6 20. Bxd5 Rxd5 21. Qc2 Rc5 22. Qd3 Be7 23. Rcd1 Re8 24. b4 Rb5 25. Bc3 c6 26. Qe3 Rd5 27. Rxd5 Qxd5 28. e6 Bd6 29. Qh6 f4 30. Qxh7 f3 31. Qd7 Rc8 32. g3 Rc7 33. Qd8+ Rc8 34. e7 Bc7 35. Qxc8+ Kxc8 36. e8=Q+ Bd8 37. Bf6 1-0


[Site "https://www.chess.com"]

[Event "Titled Tuesday Blitz September 13 Early 2022"]
[White "Puranik, Abhimanyu"]
[Black "Sargsyan, Anna M."]
[WhiteFideId "5061245"]
[BlackFideId "13308130"]
[WhiteElo "2520"]
[BlackElo "2271"]
[Result "1-0"]
[Round "02"]
[TimeControl "180+1"]
[Date "2022.09.13"]
[WhiteClock "0:00:02"]
[BlackClock "0:00:02"]

1. c4 c6 2. Nf3 d5 3. g3 Nf6 4. Bg2 g6 5. b3 Bg7 6. Bb2 O-O 7. O-O Nbd7 8. d4 Ne4 9. a4 Re8 10. a5 a6 11. e3 e6 12. Nc3 Nxc3 13. Bxc3 b5 14. axb6 Qxb6 15. Qc2 Bb7 16. c5 Qc7 17. b4 e5 18. dxe5 Nxe5 19. Nxe5 Bxe5 20. Bxe5 Qxe5 21. Rfd1 Bc8 22. Ra3 Bf5 23. Qa2 Rab8 24. Rxa6 Bg4 25. Rd2 Rxb4 26. h3 Bd7 27. Ra7 Be6 28. Qa5 Rb1+ 29. Kh2 h5 30. Ra8 Rxa8 31. Qxa8+ Kh7 32. h4 Qc3 33. Rd4 Qc1 34. g4 Qg1+ 35. Kg3 g5 36. Qd8 Rb2 37. Qf6 gxh4+ 38. Kxh4 Qxg2 39. Kg5 Qxf2 40. Qh6+ Kg8 41. Rf4 Qxe3 42. Kf6 Qc3+ 43. Ke7 Qg7 44. Qxg7+ Kxg7 45. gxh5 Rb7+ 46. Kd6 d4 47. Kxc6 Rd7 48. Rf2 d3 49. Rd2 Kf6 50. Kb6 Bf5 51. c6 Rd4 52. c7 Rc4 53. Kb7 Rc2 54. Rd1 Rb2+ 55. Kc6 Rc2+ 56. Kd6 d2 57. h6 Kg6 58. Ke5 Bd3 59. Rxd2 Rxd2 60. c8=Q Re2+ 61. Kf4 Rf2+ 62. Ke3 Rf6 63. Qg8+ Kh5 64. Kxd3 Kxh6 65. Ke4 Rg6 66. Qxf7 1-0


[Site "https://www.chess.com"]

[Event "Titled Tuesday Blitz September 13 Early 2022"]
[White "Sarana, Alexey"]
[Black "Averjanov, Alexey"]
[WhiteFideId "24133795"]
[BlackFideId "14109867"]
[WhiteElo "2689"]
[BlackElo "2680"]
[Result "1/2-1/2"]
[Round "02"]
[TimeControl "180+1"]
[Date "2022.09.13"]
[WhiteClock "0:00:05"]
[BlackClock "0:00:11"]

1. c4 c5 2. Nf3 Nc6 3. Nc3 g6 4. e3 Nf6 5. d4 cxd4 6. exd4 d5 7. cxd5 Nxd5 8. Qb3 Nxc3 9. Bc4 e6 10. bxc3 Bg7 11. Ba3 Bf8 12. O-O Bxa3 13. Qxa3 Qe7 14. Qc1 O-O 15. h4 h5 16. Qh6 Qf6 17. Rae1 Bd7 18. Re4 Rac8 19. Bd3 Rfe8 20. Rfe1 Qg7 21. Qg5 Ne7 22. Ne5 f6 23. Qd2 fxe5 24. Rxe5 Nf5 25. g3 Qf6 26. Bc2 Kg7 27. Bb3 Re7 28. c4 Rce8 29. R1e4 Bc6 30. Rf4 Rd8 31. Qb4 Rxd4 32. Rexf5 Red7 33. Rxd4 Qxd4 34. Qf8+ Kh7 35. Rf7+ Rxf7 36. Qxf7+ Kh8 37. Kh2 Qe4 38. Qf8+ Kh7 39. Qf7+ Kh8 40. Qf6+ Kh7 41. Qf7+ Kh8 1/2-1/2


[Site "https://www.chess.com"]

[Event "Titled Tuesday Blitz September 13 Early 2022"]
[White "Svane, Rasmus"]
[Black "Shailesh, Dravid"]
[WhiteFideId "4657101"]
[BlackFideId "25017969"]
[WhiteElo "2674"]
[BlackElo "2142"]
[Result "1-0"]
[Round "02"]
[TimeControl "180+1"]
[Date "2022.09.13"]
[WhiteClock "0:00:31"]
[BlackClock "0:00:18"]

1. Nf3 Nf6 2. g3 d5 3. Bg2 c6 4. O-O g6 5. c4 Bg7 6. b3 O-O 7. Bb2 a5 8. Nc3 Re8 9. d4 Bf5 10. Nh4 Be6 11. Qd3 Na6 12. a3 Qb6 13. Na4 Qa7 14. Rac1 dxc4 15. bxc4 Rad8 16. Rfd1 b5 17. cxb5 cxb5 18. Qxb5 Rb8 19. Qxa5 Bb3 20. Rd2 g5 21. Nf5 Bf8 22. Nc5 Rb6 23. d5 e6 24. dxe6 fxe6 25. Nxb3 exf5 26. Bd4 Ree6 27. Qxf5 Qf7 28. Qxg5+ Bg7 29. Bxb6 Rxb6 30. Rc8+ Ne8 1-0


[Site "https://www.chess.com"]

[Event "Titled Tuesday Blitz September 13 Early 2022"]
[White "Tisaj, Domen"]
[Black "Esipenko, Andrey"]
[WhiteFideId "14628708"]
[BlackFideId "24175439"]
[WhiteElo "2352"]
[BlackElo "2619"]
[Result "1/2-1/2"]
[Round "02"]
[TimeControl "180+1"]
[Date "2022.09.13"]
[WhiteClock "0:00:07"]
[BlackClock "0:00:14"]

1. d4 d5 2. c4 e6 3. Nf3 Nf6 4. Nc3 c5 5. cxd5 Nxd5 6. e4 Nxc3 7. bxc3 cxd4 8. cxd4 Bb4+ 9. Bd2 Bxd2+ 10. Qxd2 O-O 11. Bc4 Nd7 12. O-O b6 13. Rfe1 Bb7 14. Rad1 Rc8 15. Bb3 Re8 16. h3 h6 17. Re3 Qc7 18. Qe1 Qf4 19. d5 exd5 20. e5 Nc5 21. Rd4 Qf5 22. Bxd5 Bxd5 23. Rxd5 Ne6 24. Nd4 Nxd4 25. Rxd4 Rc2 26. a3 Rec8 27. Rd1 Qe6 28. Qb4 a5 29. Qd6 Rc1 30. Ree1 Qxd6 31. exd6 Rxd1 32. Rxd1 Kf8 33. d7 Rd8 34. Rd6 b5 35. Rd5 a4 36. Rxb5 Rxd7 37. Ra5 Rd4 38. Ra7 g5 39. f3 Kg7 40. Ra6 h5 41. Kf2 h4 42. Ke3 Rc4 43. Kd3 Rf4 44. Rd6 Rf5 45. Rd4 Ra5 46. f4 f6 47. Ke4 Kg6 48. Rb4 Ra6 49. fxg5 fxg5 50. Kf3 Kh5 51. Rc4 Rf6+ 52. Ke2 Re6+ 53. Kf3 Rf6+ 54. Ke3 Ra6 55. Kf3 Ra8 56. Rb4 Ra7 57. Rc4 Ra6 58. Rb4 Rf6+ 59. Ke3 Rf1 60. Rxa4 Kg6 61. Ra5 Ra1 62. Kf2 Ra2+ 63. Kg1 Kf6 64. Kh2 Kg6 65. Ra6+ Kf5 66. Ra8 Kf6 67. a4 Ra1 68. a5 Kg7 69. Ra7+ Kg6 70. Ra8 Kg7 71. Ra7+ Kg6 72. Ra8 Kg7 1/2-1/2


[Site "https://www.chess.com"]

[Event "Titled Tuesday Blitz September 13 Early 2022"]
[White "Weetik, Vjacheslav"]
[Black "Terry, Renato"]
[WhiteFideId "4153472"]
[BlackFideId "3803457"]
[WhiteElo "2469"]
[BlackElo "2577"]
[Result "1-0"]
[Round "02"]
[TimeControl "180+1"]
[Date "2022.09.13"]
[WhiteClock "0:00:02"]
[BlackClock "0:00:01"]

1. d4 Nf6 2. c4 d6 3. Nf3 Nbd7 4. Nc3 e5 5. e4 Be7 6. Be2 O-O 7. O-O c6 8. Re1 Qc7 9. Bf1 Re8 10. d5 a5 11. Be3 Ng4 12. Bd2 Qb6 13. Re2 Nc5 14. h3 Nf6 15. Be3 Qc7 16. Nd2 Bd7 17. Re1 Qb8 18. Rb1 Rc8 19. a3 cxd5 20. cxd5 b5 21. b4 axb4 22. Rxb4 Nd3 23. Bxd3 Rxc3 24. Bxb5 Rcxa3 25. Qb1 Bxb5 26. Rxb5 Qe8 27. Rb7 R3a4 28. Qd3 h6 29. Reb1 Nh5 30. g3 Bf8 31. Kg2 Qc8 32. Qe2 Nf6 33. Qf3 Qd8 34. Rc1 Rc8 35. Rcb1 Be7 36. g4 Nh7 37. Nf1 Qe8 38. Ng3 Bf8 39. Nf5 Ng5 40. Bxg5 hxg5 41. h4 g6 42. Ne3 gxh4 43. g5 Be7 44. Qg4 Qd8 45. Rxe7 Qxe7 46. Qxc8+ Kg7 47. Rb8 Qxg5+ 48. Kh3 Qh6 49. Qf8+ Kh7 50. Qg8# 1-0


[Site "https://www.chess.com"]

[Event "Titled Tuesday Blitz September 13 Early 2022"]
[White "Xiong, Jeffery"]
[Black "Hosseinzadeh, Nima"]
[WhiteFideId "2047640"]
[BlackFideId "12505323"]
[WhiteElo "2714"]
[BlackElo "2045"]
[Result "1-0"]
[Round "02"]
[TimeControl "180+1"]
[Date "2022.09.13"]
[WhiteClock "0:00:32"]
[BlackClock "0:00:04"]

1. d4 Nf6 2. c4 e6 3. Nc3 Bb4 4. Nf3 b6 5. Qc2 Bb7 6. a3 Bxc3+ 7. Qxc3 O-O 8. e3 c5 9. dxc5 bxc5 10. b4 cxb4 11. axb4 d5 12. c5 Ne4 13. Qc2 Nc6 14. b5 Nb4 15. Qb3 a5 16. bxa6 Bxa6 17. Qxb4 Bxf1 18. Rxa8 Qxa8 19. Rxf1 Rb8 20. Qa3 Qc6 21. Nd4 Qc7 22. f3 Nxc5 23. Kf2 e5 24. Ne2 Rb3 25. Qa8+ Rb8 26. Qxd5 Rd8 27. Qa2 e4 28. Kg1 exf3 29. gxf3 h6 30. e4 Rd3 31. Qc4 Qd6 32. Bf4 Qb6 33. Kh1 Rb3 34. Be5 Ne6 35. Nd4 Rb1 36. Nxe6 Rxf1+ 37. Qxf1 Qxe6 38. Qa1 f6 39. Bg3 Kh7 40. Qb1 Kh8 41. Qb8+ Kh7 42. Qb5 Qa2 43. Kg1 Qd2 44. h4 Qd1+ 45. Kg2 Qd2+ 46. Bf2 Qf4 47. Qf5+ Qxf5 48. exf5 g6 49. Kg3 gxf5 50. Kf4 Kg6 51. Bg3 1-0


[Site "https://www.chess.com"]

[Event "Titled Tuesday Blitz September 13 Early 2022"]
[White "Yaniuk, Volodymyr"]
[Black "Bluebaum, Matthias"]
[WhiteFideId "14133083"]
[BlackFideId "24651516"]
[WhiteElo "2141"]
[BlackElo "2633"]
[Result "0-1"]
[Round "02"]
[TimeControl "180+1"]
[Date "2022.09.13"]
[WhiteClock "0:00:08"]
[BlackClock "0:01:37"]

1. d4 Nf6 2. c4 e6 3. g3 d5 4. Bg2 Bb4+ 5. Bd2 a5 6. a3 Be7 7. Qc2 O-O 8. Nf3 c6 9. O-O Nbd7 10. Bg5 h6 11. Bxf6 Nxf6 12. b3 b6 13. Nc3 Ba6 14. Ne5 Rc8 15. Rfd1 Nd7 16. e4 Nxe5 17. dxe5 d4 18. Ne2 c5 19. a4 f6 20. exf6 Bxf6 21. Rab1 e5 22. Nc1 Qe7 23. Nd3 Rce8 24. Bh3 Bb7 25. Qe2 Qc7 26. Rf1 Bc8 27. Bxc8 Qxc8 28. Qh5 Kh7 29. Rbe1 g6 30. Qe2 Qh3 31. Qf3 Bg7 32. Qg2 Qd7 33. f4 exf4 34. gxf4 Re7 35. e5 Qf5 36. Qe4 g5 37. fxg5 Qxe4 38. Rxe4 Rxf1+ 39. Kxf1 hxg5 40. h4 gxh4 41. Rxh4+ Kg6 42. Re4 Kf5 43. Rf4+ Ke6 44. Re4 Bh6 45. Ke2 Bg5 46. Rg4 Kf5 47. Rg1 Rh7 48. Rg2 Be3 49. Rg8 Rh2+ 50. Kf3 Rh3+ 51. Ke2 Bh6 52. Nf2 Rxb3 53. e6 Re3+ 54. Kd1 Rxe6 55. Rb8 Bf4 56. Nd3 Bxb8 0-1


[Site "https://www.chess.com"]

[Event "Titled Tuesday Blitz September 13 Early 2022"]
[White "Zhigalko, Sergei"]
[Black "Turutin, Alexander"]
[WhiteFideId "13502956"]
[BlackFideId "4180623"]
[WhiteElo "2662"]
[BlackElo "2402"]
[Result "1-0"]
[Round "02"]
[TimeControl "180+1"]
[Date "2022.09.13"]
[WhiteClock "0:00:11"]
[BlackClock "0:00:02"]

1. e4 c6 2. d4 d5 3. e5 c5 4. Nf3 cxd4 5. Qxd4 Nc6 6. Qf4 g6 7. Nc3 Bf5 8. Bd3 Bxd3 9. cxd3 Bh6 10. Qg3 d4 11. Ne4 Qa5+ 12. Bd2 Bxd2+ 13. Nexd2 Nh6 14. O-O O-O 15. Qf4 Nf5 16. Ne4 f6 17. exf6 exf6 18. Rfe1 Nb4 19. Qd2 Qb5 20. a4 Qb6 21. Rac1 a5 22. Rc5 Rac8 23. Rb5 Qa6 24. Nc5 Rxc5 25. Rxc5 Nxd3 26. Rxa5 Qc4 27. Rd1 Nc5 28. Rc1 Nb3 29. Rxc4 1-0


[Site "https://www.chess.com"]

[Event "Titled Tuesday Blitz September 13 Early 2022"]
[White "Andreikin, Dmitry"]
[Black "Averjanov, Alexey"]
[WhiteFideId "4158814"]
[BlackFideId "14109867"]
[WhiteElo "2736"]
[BlackElo "2686"]
[Result "1-0"]
[Round "03"]
[TimeControl "180+1"]
[Date "2022.09.13"]
[WhiteClock "0:01:25"]
[BlackClock "0:00:05"]

1. e4 c6 2. Nf3 d5 3. exd5 cxd5 4. Ne5 Nf6 5. d4 g6 6. Bd3 Bg7 7. O-O Bf5 8. Bxf5 gxf5 9. Qf3 e6 10. Qg3 Rg8 11. Qb3 Qb6 12. Qxb6 axb6 13. c3 Nc6 14. Nd3 Ne4 15. Bf4 Kd7 16. f3 Nd6 17. Nd2 Bh8 18. a3 Nc4 19. Rad1 Ke7 20. Rfe1 b5 21. Nb3 b6 22. Re2 Rg6 23. Bg3 Bf6 24. Nf4 Kd7 25. Nxg6 hxg6 26. Nc1 Bg5 27. Nd3 f6 28. Bf4 Re8 29. Rde1 Nd8 30. g3 Nb7 31. h4 Bxf4 32. Nxf4 Nd8 33. Nxd5 Rf8 34. Nf4 e5 35. Nxg6 Rg8 36. h5 Nf7 37. Kf2 Kd6 38. b3 Na5 39. dxe5+ fxe5 40. Nxe5 Nxe5 41. Rxe5 Nxb3 42. Rxb5 Nc5 43. Rxb6+ Kd5 44. Rd1+ Kc4 45. Rc6 f4 46. gxf4 Rf8 47. h6 Rf7 48. Rh1 Rh7 49. Rh5 1-0


[Site "https://www.chess.com"]

[Event "Titled Tuesday Blitz September 13 Early 2022"]
[White "Bethke, Richard"]
[Black "Acor, Corey"]
[WhiteFideId "12959243"]
[BlackFideId "2024861"]
[WhiteElo "2369"]
[BlackElo "2340"]
[Result "0-1"]
[Round "03"]
[TimeControl "180+1"]
[Date "2022.09.13"]
[WhiteClock "0:00:02"]
[BlackClock "0:00:03"]

1. e4 e5 2. Nf3 Nc6 3. Bc4 Bc5 4. O-O Nf6 5. d3 d6 6. c3 Bb6 7. a4 h6 8. Nbd2 O-O 9. h3 Be6 10. Bxe6 fxe6 11. Qb3 Qe8 12. Nc4 Nh5 13. a5 Bc5 14. Qxb7 Qd7 15. b4 Rab8 16. Qa6 Bxb4 17. cxb4 Nxb4 18. Qxa7 Ra8 19. Qe3 Nc2 20. Qd2 Nxa1 21. Qb2 Qa4 22. Bxh6 gxh6 23. Rxa1 Qd7 24. d4 Qg7 25. Ne1 exd4 26. a6 Nf4 27. Kh2 d5 28. exd5 exd5 29. Nd2 c5 30. Qa2 c4 31. Rb1 Ne2 32. Ndf3 Nc3 33. Qb2 Nxb1 34. Qxb1 Rxa6 35. Qb5 Rd6 36. Qc5 Rg6 37. Qxd5+ Kh7 38. Qxc4 Rd8 39. Qd3 Qf6 40. g3 Kg7 41. Ng2 Rg5 42. Nxg5 hxg5 43. h4 gxh4 44. gxh4 Qxf2 45. Qe4 Qf6 46. h5 d3 47. Nh4 Qd6+ 48. Kh3 Qd5 49. Nf5+ Kf6 50. Qh4+ Kxf5 51. Qg4+ Ke5 52. Qg5+ Kd6 53. Qxd8+ Kc5 54. Qc7+ Qc6 55. Qe7+ Qd6 56. Qa7+ Kc4 57. Qa4+ Kc3 58. Qa5+ Kc2 59. h6 Qxh6+ 60. Kg3 Qd6+ 61. Kg2 d2 62. Qa3 Qxa3 0-1


[Site "https://www.chess.com"]

[Event "Titled Tuesday Blitz September 13 Early 2022"]
[White "Bluebaum, Matthias"]
[Black "Sychev, Klementy"]
[WhiteFideId "24651516"]
[BlackFideId "4114060"]
[WhiteElo "2633"]
[BlackElo "2564"]
[Result "1-0"]
[Round "03"]
[TimeControl "180+1"]
[Date "2022.09.13"]
[WhiteClock "0:01:06"]
[BlackClock "0:00:08"]

1. d4 Nf6 2. c4 e6 3. Nc3 Bb4 4. e3 O-O 5. Bd2 d5 6. Nf3 b6 7. cxd5 exd5 8. Rc1 c5 9. a3 Ba5 10. Ne5 Be6 11. Bd3 Nfd7 12. Qh5 g6 13. Qh6 Nxe5 14. dxe5 Nc6 15. f4 d4 16. Ne4 Bxd2+ 17. Kxd2 dxe3+ 18. Ke1 f5 19. Ng5 Rf7 20. Rd1 Nd4 21. Nxe6 Nxe6 22. Bc4 Qe8 23. Rd6 Re7 24. Qh4 b5 25. Bd5 Rd8 26. Bxe6+ 1-0


[Site "https://www.chess.com"]

[Event "Titled Tuesday Blitz September 13 Early 2022"]
[White "Bykhovsky, Anatoly"]
[Black "Le, Tuan Minh"]
[WhiteFideId "2806991"]
[BlackFideId "12401153"]
[WhiteElo "2786"]
[BlackElo "3064"]
[Result "0-1"]
[Round "03"]
[TimeControl "180+1"]
[Date "2022.09.13"]
[WhiteClock "0:00:21"]
[BlackClock "0:00:13"]

1. d4 d5 2. Nf3 Nf6 3. c4 c6 4. Nc3 a6 5. c5 Nbd7 6. Bf4 Nh5 7. e3 g6 8. Be2 Bg7 9. h3 Nxf4 10. exf4 O-O 11. Rc1 Re8 12. h4 f6 13. h5 e5 14. hxg6 hxg6 15. dxe5 fxe5 16. Nxd5 exf4 17. Nxf4 Qf6 18. g3 g5 19. Qb3+ Kf8 20. Nh5 Qxb2 21. Qxb2 Bxb2 22. Rc2 g4 23. Ng5 Ba3 24. Nf4 Nxc5 25. Kf1 Bf5 26. Rc3 Bb4 27. Rc4 a5 28. Rh6 Kg7 29. Rh4 Rxe2 30. Nxe2 Re8 31. Nd4 Bd3+ 0-1


[Site "https://www.chess.com"]

[Event "Titled Tuesday Blitz September 13 Early 2022"]
[White "Ceres, Dragos"]
[Black "Dubov, Daniil"]
[WhiteFideId "13905864"]
[BlackFideId "24126055"]
[WhiteElo "2772"]
[BlackElo "3029"]
[Result "1/2-1/2"]
[Round "03"]
[TimeControl "180+1"]
[Date "2022.09.13"]
[WhiteClock "0:00:42"]
[BlackClock "0:00:07"]

1. e4 c5 2. c3 Nc6 3. Nf3 d5 4. exd5 Qxd5 5. d4 cxd4 6. cxd4 e5 7. Nc3 Bb4 8. Bd2 Bxc3 9. Bxc3 e4 10. Ne5 Nxe5 11. dxe5 Ne7 12. Be2 O-O 13. O-O Re8 14. Re1 Be6 15. Bg4 Rad8 16. Qxd5 Nxd5 17. Bxe6 Rxe6 18. Rxe4 Nxc3 19. bxc3 g5 20. g3 Rd2 21. a4 Rc2 22. Rb1 b6 23. a5 Rxc3 24. axb6 axb6 25. Reb4 Rcc6 26. Rb5 Kg7 27. Kg2 Kg6 28. g4 h5 29. h3 h4 30. R1b2 Kg7 31. R2b3 Kf8 32. Rf3 Rc5 33. Rfb3 Rxb5 34. Rxb5 Ke7 35. Kf3 Kd7 36. Ke4 Kc6 37. Rb1 f6 38. Kf5 Rxe5+ 39. Kxf6 Rc5 40. f4 gxf4 41. g5 Rc3 42. g6 Rxh3 43. Rg1 Rd3 44. g7 Rd8 45. g8=Q Rxg8 46. Rxg8 Kd5 47. Kf5 f3 48. Rg1 b5 49. Kf4 f2 50. Rf1 Kd4 51. Rxf2 b4 52. Rd2+ Kc3 53. Ke3 b3 54. Rd8 b2 55. Rc8+ Kb3 56. Rb8+ Kc2 57. Rc8+ Kb3 58. Rb8+ Kc2 59. Rc8+ Kb3 1/2-1/2


[Site "https://www.chess.com"]

[Event "Titled Tuesday Blitz September 13 Early 2022"]
[White "D`Arruda, Ricardo D."]
[Black "Beerdsen, Thomas"]
[WhiteFideId "100692"]
[BlackFideId "1030108"]
[WhiteElo "2480"]
[BlackElo "2567"]
[Result "0-1"]
[Round "03"]
[TimeControl "180+1"]
[Date "2022.09.13"]
[WhiteClock "0:00:04"]
[BlackClock "0:00:14"]

1. d4 d5 2. Nf3 Nc6 3. c4 Bg4 4. e3 Nf6 5. Nc3 e6 6. Be2 Bb4 7. O-O O-O 8. Qa4 dxc4 9. Bxc4 Bxf3 10. gxf3 Nh5 11. f4 Qh4 12. Be2 Nf6 13. Qd1 Rad8 14. Bf3 e5 15. fxe5 Nxe5 16. Bg2 Ng6 17. Qf3 Bd6 18. h3 c5 19. Ne4 Nxe4 20. Qxe4 Qf6 21. Qxb7 cxd4 22. exd4 Nf4 23. Bxf4 Qxf4 24. Rfd1 Rb8 25. Qe4 Qh2+ 26. Kf1 Rxb2 27. Rdb1 Rd2 28. Rd1 Rxd1+ 29. Rxd1 g6 30. Rb1 Bc7 31. Rb7 Bb6 32. a4 Qd6 33. Qd5 Qf6 34. Rd7 Rc8 35. Bf3 Bxd4 36. Qb7 Rc1+ 37. Ke2 Qe6+ 38. Kd3 Bf6 39. Bd5 Qxh3+ 40. f3 Qf1+ 41. Ke4 Qe2+ 42. Kf4 Qe5+ 43. Kg4 Rg1+ 44. Kh3 Qh5# 0-1


[Site "https://www.chess.com"]

[Event "Titled Tuesday Blitz September 13 Early 2022"]
[White "Decuigniere, Tom"]
[Black "Livaic, Leon"]
[WhiteFideId "26093820"]
[BlackFideId "14531534"]
[WhiteElo "2041"]
[BlackElo "2540"]
[Result "0-1"]
[Round "03"]
[TimeControl "180+1"]
[Date "2022.09.13"]
[WhiteClock "0:00:02"]
[BlackClock "0:01:32"]

1. d4 e6 2. c4 d5 3. Nc3 Nf6 4. cxd5 exd5 5. Bg5 Be7 6. e3 O-O 7. Bd3 Re8 8. Qc2 c5 9. Nf3 h6 10. Bf4 c4 11. Bf5 Nc6 12. a3 Bd6 13. Bxd6 Qxd6 14. O-O Rb8 15. Rad1 b5 16. Bxc8 Rexc8 17. e4 Nxe4 18. Nxe4 Qg6 19. Rfe1 Re8 20. Nfd2 dxe4 21. Rxe4 Nxd4 22. Rxe8+ Rxe8 23. Qxg6 fxg6 24. Kf1 Nc6 25. Nb1 Rd8 26. Rxd8+ Nxd8 27. a4 bxa4 28. Na3 c3 29. bxc3 Kf7 30. Ke2 Ke6 31. Kd3 Kd5 32. c4+ Kc5 33. Kc3 Nf7 34. Nb5 Nd6 35. Nc7 Ne4+ 36. Kb2 Kxc4 37. f3 Nc5 38. Ne8 Ne6 39. Ka3 Kd5 40. Kxa4 Kc6 41. g3 Kd7 42. Nxg7 Nxg7 0-1


[Site "https://www.chess.com"]

[Event "Titled Tuesday Blitz September 13 Early 2022"]
[White "Donchenko, Alexander"]
[Black "Murtazin, Ruslan"]
[WhiteFideId "24603295"]
[BlackFideId "24175960"]
[WhiteElo "2572"]
[BlackElo "2212"]
[Result "1-0"]
[Round "03"]
[TimeControl "180+1"]
[Date "2022.09.13"]
[WhiteClock "0:00:51"]
[BlackClock "0:00:07"]

1. Nf3 Nf6 2. g3 g6 3. Bg2 Bg7 4. O-O O-O 5. d4 d6 6. b3 Nc6 7. Bb2 e5 8. dxe5 Ng4 9. Qc1 Ngxe5 10. Nxe5 Nxe5 11. c4 Rb8 12. Nc3 Be6 13. Rd1 Qd7 14. c5 Bh3 15. cxd6 cxd6 16. Qd2 Bxg2 17. Kxg2 Rfd8 18. Rac1 Rbc8 19. Ne4 Rxc1 20. Qxc1 d5 21. Qf4 Qe7 22. Nc3 Nc6 23. Rd2 Qb4 24. Qf3 d4 25. Nb1 Ne5 26. Qe4 f5 27. Qh4 1-0


[Site "https://www.chess.com"]

[Event "Titled Tuesday Blitz September 13 Early 2022"]
[White "Esipenko, Andrey"]
[Black "Kalavannan, Koby"]
[WhiteFideId "24175439"]
[BlackFideId "425753"]
[WhiteElo "2619"]
[BlackElo "1927"]
[Result "0-1"]
[Round "03"]
[TimeControl "180+1"]
[Date "2022.09.13"]
[WhiteClock "0:01:50"]
[BlackClock "0:00:09"]

1. d4 Nf6 2. Nc3 d5 3. Bf4 Bf5 4. f3 e6 5. g4 Bg6 6. h4 h5 7. g5 Nfd7 8. e3 Bd6 9. Nh3 a6 10. Bxd6 cxd6 11. Nf4 Bf5 12. e4 dxe4 13. fxe4 Bg4 14. Be2 Bxe2 15. Qxe2 Nc6 16. O-O-O g6 17. d5 exd5 18. exd5+ Nce5 19. Ne4 Qe7 20. Ne6 fxe6 21. dxe6 Qxe6 22. Nxd6+ Kf8 23. Rhf1+ Kg8 24. Nf7 Rh7 25. Rd6 Qxa2 26. Nxe5 Qa1+ 27. Kd2 Qa5+ 28. Kc1 Qa1+ 29. Kd2 Qa5+ 30. Kc1 Nxe5 31. Kb1 Qc5 32. Re6 Re7 33. Rff6 Rf8 34. Rxg6+ Nxg6 35. Rxg6+ Kf7 36. Qxh5 Re1+ 37. Ka2 Qc4+ 38. b3 Qxc2+ 39. Ka3 Qxg6 0-1


[Site "https://www.chess.com"]